 Dungeon Crawl Stone Soup version 0.21.1-1-g345015f (webtiles) character file.

1983 Kairos the Cleaver (level 9, -9/68 HPs)
             Began as a Human Fighter on Mar 29, 2018.
             Mangled by a two-headed ogre
             ... wielding a +0 giant club
              (18 damage)
             ... on level 6 of the Dungeon.
             The game lasted 00:12:17 (5465 turns).

Kairos the Cleaver (Human Fighter)                  Turns: 5465, Time: 00:12:18

Health: -9/68      AC: 15    Str: 16    XL:     9   Next: 44%
Magic:  9/9        EV:  8    Int:  9    God:
Gold:   300        SH:  0    Dex: 16    Spells: 8/8 levels left

rFire    . . .     SeeInvis .   a - +0 war axe
rCold    . . .     Gourm    .   c - +0 shield
rNeg     + . .     Faith    .   l - +2 pearl dragon scales
rPois    .         Spirit   .   (no helmet)
rElec    .         Reflect  .   (no cloak)
rCorr    .         Harm     .   (no gloves)
MR       .....                  F - +0 pair of boots
Stlth    ..........             (no amulet)
HPRegen  0.21/turn              B - ring of stealth
MPRegen  0.11/turn              x - +5 ring of slaying

@: confused
A: no striking features
a: no special abilities


You were on level 6 of the Dungeon.
You were not hungry.

You visited 1 branch of the dungeon, and saw 9 of its levels.

You collected 300 gold pieces.

Inventory:

Hand Weapons
 a - a +0 war axe (weapon)
 r - a +0 whip
Armour
 c - a +0 shield (worn)
 l - +2 pearl dragon scales (worn)
 F - a +0 pair of boots (worn)
Jewellery
 b - an uncursed ring of protection from fire
 i - an uncursed ring of see invisible
 j - an uncursed ring of protection from fire
 x - a +5 ring of slaying (right hand)
 z - an uncursed amulet of harm
 B - a ring of stealth (left hand)
Wands
 q - a wand of disintegration (11)
 s - a wand of polymorph (13)
 G - a wand of enslavement (13)
Scrolls
 h - 2 scrolls of teleportation
 n - a scroll of noise {unknown}
 u - a scroll of amnesia
 w - 2 scrolls of identify
 y - a scroll of magic mapping {unknown}
 A - a scroll of enchant weapon {unknown}
 D - a scroll of remove curse
Potions
 d - 2 potions of might
 e - 2 potions of brilliance {unknown}
 g - 2 potions of flight {unknown}
 k - a potion of ambrosia
 m - 3 potions of haste
 o - 3 potions of curing {unknown}
 p - a potion of invisibility {unknown}
 t - a potion of magic {unknown}
 v - a potion of agility {unknown}
 E - a potion of mutation {unknown}
Books
 C - a book of Necromancy

   Spells                             Type                      Level
   a - Pain                           Necromancy                   1
   b - Animate Skeleton               Necromancy                   1
   c - Vampiric Draining              Necromancy                   3
   d - Regeneration                   Charms/Necromancy            3
   e - Animate Dead                   Necromancy                   4
   f - Borgnjor's Vile Clutch         Necromancy/Earth             5
Comestibles
 f - 13 rations
 H - a chunk of flesh


   Skills:
 + Level 5.2 Fighting
 + Level 8.1(8.2) Axes
 + Level 1.7(5.3) Maces & Flails
 + Level 5.9 Armour
 + Level 2.7 Dodging
 + Level 0.5 Stealth
 + Level 5.1 Shields


You had 8 spell levels left.
You didn't know any spells.

Dungeon Overview and Level Annotations

Branches:
Dungeon (9/15)
 Temple: D:4-7         Lair: D:8-11         Orc: D:9-12

Altars:
Makhleb
Sif Muna
Trog
Wu Jian

Shops:
D:9 :


Message History

You slash the two-headed ogre!
The two-headed ogre is heavily wounded.
The two-headed ogre hits you but does no damage.
You block the two-headed ogre's attack.
You hit the two-headed ogre.
The two-headed ogre is heavily wounded.
The two-headed ogre hits you with a giant club!
You block the two-headed ogre's attack.
You hit the two-headed ogre.
The two-headed ogre is heavily wounded.
Your shield and pearl dragon scales prevent you from hitting the two-headed ogre.
The two-headed ogre is heavily wounded.
The two-headed ogre hits you with a giant club! x2
* * * LOW HITPOINT WARNING * * *
You are too injured to fight recklessly!
Sorry, you're not good enough to have a special ability.
You are confused.
You feel invigorated.
The two-headed ogre hits you with a giant club!!
You die...

#.....<# #...#
#.###### ##..#
#.# #######..#
#.#
#........#####
#.#
#........#...#
#.#
#........#...#
#.#
########>#...##
#.#
........'...(#
#.#
.########@...#
#.# #.O.#.# #.#
#.#.# .. #.# #.
.# # #.# #. .#
#.# #. .# #.#
#. .# #.# #. .#
#.#


You could see a two-headed ogre.

Vanquished Creatures
  A black bear (D:9)
  A hornet zombie (D:5)
  A phantom (D:4)
  5 ogres
  3 centaurs
  3 bullfrogs
  A centaur zombie (D:5)
  3 crimson imps
  2 orc priests
  4 hounds
  3 orc wizards
  A centaur skeleton (D:4)
  4 worker ants
  2 hound zombies
  2 hound skeletons
  8 gnolls
  6 adders
  An ooze (D:1)
  4 worms
  3 dart slugs
  2 leopard geckos
  20 orcs
  A ball python (D:2)
  10 bats
  9 giant cockroaches
  6 goblins
  7 hobgoblins
  13 jackals
  5 frilled lizards
  A giant cockroach zombie (D:5)
  6 kobolds
  A leopard gecko skeleton (D:4)
  A quokka skeleton (D:5)
  4 rats
144 creatures vanquished.

Notes
Turn   | Place    | Note
-------+----------+-------------------------------------------
     0 | D:1      | Kairos the Human Fighter began the quest for the Orb.
     0 | D:1      | Reached XP level 1. HP: 18/18 MP: 1/1
   170 | D:1      | Reached XP level 2. HP: 24/24 MP: 2/2
   702 | D:1      | Reached XP level 3. HP: 29/29 MP: 3/3
   904 | D:2      | Reached skill level 1 in Dodging
   921 | D:2      | Reached XP level 4. HP: 6/35 MP: 4/4
  1386 | D:1      | Reached XP level 5. HP: 24/41 MP: 5/5
  1863 | D:3      | Noticed an ogre
  1869 | D:3      | Killed an ogre
  1869 | D:3      | Reached skill level 3 in Axes
  1869 | D:3      | Reached skill level 1 in Maces & Flails
  1869 | D:3      | Reached XP level 6. HP: 14/47 MP: 6/6
  2092 | D:3      | Found a bloodstained altar of Trog.
  2105 | D:3      | Found a deep blue altar of Sif Muna.
  2108 | D:3      | Found a burning altar of Makhleb.
  2162 | D:3      | Found a faded altar of an unknown god.
  2575 | D:3      | Found an ornate altar of the Wu Jian Council.
  3271 | D:4      | Reached skill level 4 in Axes
  3332 | D:4      | Noticed a phantom
  3363 | D:4      | Killed a phantom
  3363 | D:4      | Reached XP level 7. HP: 33/53 MP: 7/7
  3458 | D:4      | Reached skill level 5 in Axes
  3637 | D:4      | Reached XP level 8. HP: 50/60 MP: 8/8
  4126 | D:5      | Entered Level 5 of the Dungeon
  4139 | D:5      | Reached skill level 6 in Axes
  4679 | D:5      | Reached skill level 7 in Axes
  4679 | D:5      | Reached skill level 5 in Armour
  4779 | D:6      | You fall through a shaft for 3 floors!
  4799 | D:9      | Found Vupn's Book Shoppe.
  4829 | D:9      | Reached XP level 9. HP: 50/66 MP: 9/9
  4891 | D:8      | Noticed a two-headed ogre
  5165 | D:6      | Reached skill level 5 in Fighting
  5295 | D:6      | Reached skill level 5 in Shields
  5390 | D:6      | Reached skill level 8 in Axes
  5457 | D:6      | Noticed a two-headed ogre
  5465 | D:6      | Mangled by a two-headed ogre

Skill      XL: |  1  2  3  4  5  6  7  8  9 |
---------------+----------------------------+-----
Dodging        | 1 2 |  2.7
Axes           | 3 4 5 7 8 |  8.1
Maces & Flails | 1 |  1.7
Armour         | 4 5 |  5.9
Shields        | 4 5 |  5.1
Fighting       | 4 5 |  5.2
Stealth        | |  0.5

Action                   |  1- 3 |  4- 6 |  7- 9 || total
-------------------------+-------+-------+-------++-------
Melee: War axe           |   103 |   133 |   252 ||   488
       Whip              |       |    61 |       ||    61
  Use: Potion            |       |     1 |     2 ||     3
       Scroll            |       |     6 |     1 ||     7
  Eat: Chunk             |       |     8 |     4 ||    12
       Ration            |       |       |     1 ||     1
Armor: Scale mail        |    45 |       |       ||    45
       Pearl dragon scal |    35 |   100 |   153 ||   288
Dodge: Dodged            |    39 |    67 |    97 ||   203
Block: Shield            |    63 |   104 |   146 ||   313
